 Dungeon Crawl Stone Soup version 0.28.0-53-g5a82cb258f (webtiles) character file.

Game seed: 17068662384099305390

821 sakkuzi the Skirmisher (level 7, 61/61 HPs)
             Began as a Minotaur Berserker on Mar 7, 2022.
             Was a Priest of Trog.
             Quit the game on level 5 of the Dungeon on July 12, 2022.
             The game lasted 00:16:34 (3436 turns).

sakkuzi the Skirmisher (Minotaur Berserker)         Turns: 3436, Time: 00:16:35

Health: 61/61      AC: 11    Str: 21    XL:     7   Next: 63%
Magic:  6/6        EV: 11    Int: 10    God:    Trog [***...]
Gold:   228        SH:  8    Dex: 12    Spells: 6/6 levels left

rFire   . . .      SeeInvis .   r - +2 spear (venom)
rCold   . . .      Faith    .   h - +0 kite shield
rNeg    . . .      Spirit   .   b - +0 acid dragon scales
rPois   .          Reflect  .   (helmet restricted)
rElec   .          Harm     .   c - +0 cloak
rCorr   +          Rampage  .   l - +2 pair of gloves
Will    .....                   (no boots)
Stlth   +.........              (no amulet)
HPRegen 0.20/turn               f - +6 ring of intelligence
MPRegen 0.10/turn               p - ring of resist corrosion

@: no status effects
A: horns 2, retaliatory headbutt
a: Renounce Religion, Berserk, Trog's Hand


You were on level 5 of the Dungeon.
You worshipped Trog.
Trog was most pleased with you.
You visited 1 branch of the dungeon, and saw 5 of its levels.

You collected 228 gold pieces.

Inventory:

Hand Weapons
 i - a +0 spear of flaming
 r - a +2 spear of venom (weapon)
Missiles
 d - 36 arrows
Armour
 b - +0 acid dragon scales (worn)
 c - a +0 cloak (worn)
 h - a +0 kite shield (worn)
 l - a +2 pair of gloves (worn)
Jewellery
 f - a +6 ring of intelligence (left hand)
 p - a ring of resist corrosion (right hand)
Scrolls
 q - a scroll of teleportation
Potions
 a - a potion of attraction {unknown}
 e - a potion of invisibility {unknown}
 g - 2 potions of resistance {unknown}
 k - a potion of curing {unknown}
 m - a potion of brilliance {unknown}
 s - a potion of heal wounds {unknown}


   Skills:
 * Level 5.5 Fighting
 + Level 4.7(5.8) Axes
 * Level 5.2(6.1) Polearms
 + Level 4.9 Armour
 + Level 3.9 Dodging
 + Level 0.8 Stealth
 + Level 3.4 Shields


You had 6 spell levels left.
You didn't know any spells.
Your spell library was empty.

Dungeon Overview and Level Annotations

Branches:
Dungeon (5/15)
 Temple: D:4-7

Altars:
Elyvilon
Hepliaklqana
Sif Muna
Wu Jian
Yredelemnul
Zin


Innate Abilities, Weirdness & Mutations

You have a pair of horns on your head.
You reflexively headbutt those who attack you in melee.


Message History

You finish putting on your +0 acid dragon scales.
You drop a +0 ring mail.
You drop a +0 ring mail.
You see here a +0 cloak.
Okay, then.
Okay, then.
You see here a +0 cloak.
c - a +0 cloak You start putting on your armour.
You continue putting on your +0 cloak. x4
You finish putting on your +0 cloak.
Found 5 gold pieces.
You now have 228 gold pieces (gained 5).
Okay, then.
Okay, then.
Save game and exit?
Welcome back, sakkuzi the Minotaur Berserker.
Trog says: Kill them all!
Press ? for a list of commands and other information.
Welcome back, sakkuzi the Minotaur Berserker.
Trog says: Kill them all!
Press ? for a list of commands and other information.
Welcome back, sakkuzi the Minotaur Berserker.
Trog says: Kill them all!
Press ? for a list of commands and other information.
Unknown command.
Okay, then.
HP restored.
Found a white marble altar of Elyvilon.
Unknown command.
Unknown command.
Nothing quivered!
No target in view!
Annotate which branch? (. - D:5, ? - help, ! - show branch list)
Okay, then.
Unknown command.
Saving game... please wait.
Welcome back, sakkuzi the Minotaur Berserker.
Trog says: Kill them all!
Press ? for a list of commands and other information.
Are you sure you want to abandon this character and quit the game? (Confirm with "yes".)

### #..
#.# #.#
#.# #.#
#@########
#.##.....#
#.##.._..#
#.##.....#
#.##⌠#.#⌠#
#..###.# #
##.....#
#.#####
#.#


There were no monsters in sight!

Vanquished Creatures
  Pikel (D:5)
  A black bear (D:5)
  An ogre (D:5)
  A hound skeleton (D:5)
  A howler monkey zombie (D:3)
  3 gnolls (D:3)
  6 adders
  An ufetubus (D:4)
  An adder skeleton (D:4)
  A worm (D:2)
  2 dart slugs
  An orc (D:5)
  5 endoplasms
  10 giant cockroaches (D:3)
  8 goblins
  5 hobgoblins
  11 kobolds
  4 ball pythons
  8 bats
  6 frilled lizards
  4 rats
81 creatures vanquished.

Vanquished Creatures (others)
  8 plants
  5 withered plants (D:1)
13 creatures vanquished.

Grand Total: 94 creatures vanquished

Notes
Turn   | Place    | Note
-------+----------+-------------------------------------------
     0 | D:1      | sakkuzi the Minotaur Berserker began the quest for the Orb.
     0 | D:1      | Reached XP level 1. HP: 19/19 MP: 0/0
   359 | D:1      | Reached XP level 2. HP: 26/27 MP: 1/1
   583 | D:1      | Found a faded altar of an unknown god.
  1086 | D:2      | Reached ** piety under Trog
  1242 | D:2      | Reached XP level 3. HP: 26/33 MP: 2/2
  1914 | D:3      | Reached XP level 4. HP: 34/41 MP: 3/3
  2194 | D:3      | Reached *** piety under Trog
  2195 | D:3      | Reached skill level 1 in Polearms
  2198 | D:3      | Reached skill level 1 in Shields
  2488 | D:3      | Reached XP level 5. HP: 47/47 MP: 4/4
  2980 | D:4      | Found a shimmering blue altar of Sif Muna.
  2986 | D:4      | Found a glowing silver altar of Zin.
  2986 | D:4      | Found an ornate altar of the Wu Jian Council.
  3015 | D:4      | Found a hazy altar of Hepliaklqana.
  3031 | D:4      | Upgraded the game from 0.28.0-43-g3370ac3207 to
                  | 0.28.0-53-g5a82cb258f
  3092 | D:5      | Entered Level 5 of the Dungeon
  3188 | D:5      | Noticed an ogre
  3200 | D:5      | Killed an ogre
  3201 | D:5      | Reached XP level 6. HP: 52/53 MP: 5/5
  3262 | D:5      | Found a basalt altar of Yredelemnul.
  3262 | D:5      | Noticed Pikel
  3278 | D:5      | Killed Pikel
  3279 | D:5      | Reached skill level 5 in Fighting
  3279 | D:5      | Reached skill level 5 in Polearms
  3279 | D:5      | Reached XP level 7. HP: 37/61 MP: 6/6
  3416 | D:5      | Found a white marble altar of Elyvilon.
  3436 | D:5      | Quit the game

Illustrated notes

Levels and vault maps discovered:
D:1:      scummos_arrival_forest, layout_loops_cross,
          shapermc_ecumenical_altar_flowoftime, minmay_hexomino_f4
D:2:      layout_basic, minmay_misc_feat_tiny, hangedman_decor_points
D:3:      minmay_roachtagon, layout_basic, fountainhead, hangedman_glass_teeth,
          st_stairs_9
D:4:      layout_basic, nzn_hepliaklqana_mist_gate,
          gammafunk_temple_overflow_forgotten, mainiacjoe_overflow_alcove_4,
          uniq_blork_the_orc, uniq_menkaure
D:5:      layout_loops_ring, lemuel_tele_altar, mainiacjoe_overflow_alcove_2,
          serial_shops, nicolae_shop_behind_doors, uniq_pikel

Skill      XL: |  1  2  3  4  5  6 |
---------------+-------------------+-----
Fighting       | 4 5 |  5.5
Axes           | 4 |  4.7
Polearms       | 1 2 5 |  5.2
Dodging        | 3 |  3.9
Shields        | 1 2 3 |  3.4
Armour         | 3 4 |  4.9
Stealth        | |  0.8

Action                   |  1- 3 |  4- 6 |  7- 9 || total
-------------------------+-------+-------+-------++-------
Melee: Hand axe          |    53 |       |       ||    53
       Headbutt          |    27 |    21 |       ||    48
       Spear             |    51 |   109 |       ||   160
       Punch             |     4 |       |       ||     4
Invok: Berserk           |       |     1 |       ||     1
       Trog's Hand       |       |     1 |       ||     1
  Use: Scroll            |       |     7 |       ||     7
Armor: Animal skin       |    16 |       |       ||    16
       Ring mail         |    17 |    63 |       ||    80
Dodge: Dodged            |    54 |    48 |       ||   102
Block: Kite shield       |    23 |    57 |       ||    80
